Map: New Gettysburg LE

Players

terranlji

  • Race: Protoss Protoss
  • League: Platinum

pking - Winner!

  • Race: Terran Terran
  • League: Silver

VOD

Have the link to the VOD?

Description

Time

  • Played on: Aug. 21, 2016, 8:08 p.m.
  • Length: 11:47
Show
View Real Time Build Order
Export as new Build Order

terranlji Protoss 

Build Orders: Blink Stalkers 

Get SALT Encoding   

  12  0:01  Probe (Chrono Boost)  
  13  0:11  Probe (Chrono Boost)  
  14  0:20  Pylon  
  14  0:23  Probe (Chrono Boost)  
  15  0:38  Probe (Chrono Boost)  
  15  0:40  Gateway  
  16  0:49  Probe (Chrono Boost), Assimilator  
  17  0:59  Assimilator, Probe (Chrono Boost)  
  18  1:10  Probe (Chrono Boost)  
  19  1:20  Probe (Chrono Boost)  
  20  1:29  Cybernetics Core  
  20  1:31  Probe (Chrono Boost)  
  21  1:41  Probe (Chrono Boost)  
  22  1:52  Probe (Chrono Boost)  
  23  1:56  Warp Gate, Pylon  
  23  2:12  Stalker  
  26  2:17  Mothership Core (Chrono Boost)  
  26  2:28  Nexus  
  26  2:36  Pylon  
  25  2:54  Probe (Chrono Boost)  
  26  3:01  Gateway  
  26  3:02  Stalker  
  29  3:06  Probe (Chrono Boost)  
  29  3:18  Probe (Chrono Boost)  
  30  3:20  Twilight Council  
  30  3:27  Pylon  
  30  3:31  Gateway  
  30  3:46  Gateway, Blink  
  30  3:52  Gateway  
  30  4:04  Probe (Chrono Boost)  
  31  4:15  Probe (Chrono Boost)  
  33  4:17  Probe (Chrono Boost)  
  33  4:30  Probe x2 (Chrono Boost)  
  35  4:36  Stalker  
  37  4:39  Stalker  
  37  4:40  Probe (Chrono Boost)  
  37  4:44  Stalker  
  42  4:50  Pylon  
  42  4:51  Probe (Chrono Boost)  
  43  4:56  Pylon  
  43  5:03  Stalker  
  33  5:28  Probe (Chrono Boost)  
  33  5:33  Forge  
  33  5:34  Stalker x2  
  37  5:39  Probe (Chrono Boost)  
  36  6:10  Photon Cannon  
  36  6:12  Pylon  
  36  6:14  Probe (Chrono Boost)  
  36  6:20  Probe (Chrono Boost)  
  38  6:26  Probe (Chrono Boost)  
  38  6:27  Photon Cannon  
  38  6:30  Probe (Chrono Boost)  
  38  6:32  Stalker  
  41  6:38  Probe (Chrono Boost)  
  25  7:18  Probe (Chrono Boost)  
  25  7:19  Pylon  
  27  7:30  Probe (Chrono Boost)  
  27  7:36  Stalker  
  25  7:42  Probe (Chrono Boost)  
  25  7:43  Stalker  
  28  7:55  Probe (Chrono Boost)  
  29  8:01  Photon Cannon  
  29  8:15  Stalker  
  29  8:53  Photon Cannon  
  25  9:20  Probe (Chrono Boost)  
  26  9:31  Probe (Chrono Boost)  
  27  9:37  Probe (Chrono Boost)  
  28  9:41  Probe (Chrono Boost), Dark Shrine  
  29  9:48  Probe (Chrono Boost)  
  29  9:52  Probe (Chrono Boost)  
  31  10:02  Probe x2 (Chrono Boost)  
  33  10:13  Probe x2 (Chrono Boost)  
  35  10:23  Probe (Chrono Boost)  
  36  10:53  Dark Templar x2  
  36  10:54  Dark Templar x3  
  26  11:27  Dark Templar  
  26  11:28  Dark Templar x2  
Show
View Real Time Build Order
Export as new Build Order

pking Terran - Winner!

Build Orders: Reaper Expand 

Get SALT Encoding   

  12  0:01  SCV  
  13  0:13  SCV  
  14  0:20  Supply Depot  
  14  0:28  SCV  
  15  0:41  SCV  
  16  0:42  Barracks  
  16  0:46  Refinery  
  16  0:53  SCV  
  17  1:06  SCV  
  18  1:18  SCV  
  19  1:30  Orbital Command  
  19  1:33  Reaper  
  20  1:56  Command Center  
  20  1:58  SCV  
  21  2:15  SCV  
  22  2:21  Factory  
  22  2:25  Barracks Reactor  
  22  2:27  SCV  
  23  2:33  Refinery  
  23  2:34  Supply Depot  
  23  2:35  Supply Depot  
  23  2:55  SCV  
  24  3:03  Marine x2  
  26  3:06  Starport  
  26  3:07  SCV  
  26  3:11  Orbital Command  
  27  3:23  SCV  
  28  3:35  SCV, Barracks Tech Lab  
  28  3:38  SCV  
  30  3:45  Medivac  
  30  3:47  SCV  
  30  3:48  Widow Mine x2  
  35  3:50  SCV  
  38  3:57  Marauder  
  38  3:59  SCV  
  38  4:02  SCV  
  42  4:08  Refinery  
  42  4:09  Refinery  
  42  4:11  SCV  
  42  4:14  SCV  
  42  4:15  Liberator  
  44  4:23  SCV  
  45  4:26  Marauder  
  45  4:28  Hellion x2  
  54  4:47  Supply Depot  
  54  4:48  Supply Depot  
  54  5:09  Marauder, SCV x2  
  59  5:21  SCV x2  
  56  5:33  SCV x2  
  58  5:43  Barracks  
  58  5:45  SCV x2  
  58  5:47  Engineering Bay  
  58  5:48  Engineering Bay, Barracks  
  60  6:22  Marauder  
  60  6:23  Factory Tech Lab  
  60  6:24  Medivac x2  
  66  6:38  Command Center  
  65  6:42  Marine x2  
  65  6:43  Marauder  
  65  6:44  Siege Tank  
  64  7:00  Marine x2  
  64  7:04  Marauder  
  56  7:18  Marine x2  
  50  7:26  Marauder  
  48  7:36  Marine x2, Siege Tank  
  48  7:37  Medivac x2  
  48  7:39  SCV  
  48  7:40  SCV  
  54  7:47  Marine  
  55  7:51  SCV  
  55  7:52  SCV  
  55  7:53  Marine x2  
  55  7:57  Stimpack  
  59  8:04  SCV x2  
  59  8:05  Marauder  
  63  8:10  Terran Infantry Weapons Level 1, Terran Infantry Armor Level 1  
  63  8:11  Marine x2  
  62  8:25  Siege Tank  
  62  8:26  Marauder, Medivac  
  69  8:29  Marine  
  70  8:38  Supply Depot x2  
  70  8:40  Supply Depot x2  
  70  8:59  Marine x2, SCV x2, Marauder, Medivac  
  78  9:11  SCV x2  
  80  9:17  Medivac  
  80  9:18  Siege Tank  
  80  9:21  Marauder  
  80  9:23  Barracks Reactor, SCV x2  
  80  9:24  Barracks Reactor  
  84  9:35  SCV x2  
  86  9:42  Marauder  
  88  9:48  SCV x2  
  88  9:51  Siege Tank  
  93  10:02  Marine x4  
  93  10:04  Marauder  
  99  10:09  Medivac  
  101  10:18  Armory  
  101  10:19  Supply Depot  
  101  10:20  Marine x4  
  101  10:21  Medivac  
  107  10:23  Siege Tank  
  107  10:25  Marauder  
  112  10:38  Marine x4  
  112  10:40  Medivac  
  118  10:46  Marauder  
  120  10:51  Medivac  
  120  10:55  Siege Tank  
  120  10:56  Marine  
  126  10:59  Marine  
  126  11:01  Marine  
  126  11:02  Marine  
  123  11:08  Marauder  
  117  11:13  Marine  
Tags
 
Add a new tag
Caveats
  • Supply blocks, unpowered buildings, or Contaminate may cause inaccurate times.
  • Supply counts are checked every 10 seconds.